 Dungeon Crawl Stone Soup version bcrawl-1.37.2 (webtiles) character file.

Game seed: 16149613568626049193

298472 Mehrunes the Cleaver (level 9, -1/85 HPs)
             Began as a Deep Dwarf Fighter on Dec 13, 2022.
             Was a Follower of Makhleb.
             Killed by divine providence
             ... invoked by an orc priest
              (10 damage)
             ... on level 6 of the Dungeon.
             The game lasted 00:09:44 (5079 turns).

Mehrunes the Cleaver (Deep Dwarf Fighter)           Turns: 5079, Time: 00:09:44

Health: -1/85      AC: 10    Str: 23    XL:     9   Next: 4%
Magic:  13/13      EV:  8    Int:  9    God:    Makhleb [*.....]
Gold:   396        SH:  3    Dex: 12    Spells: 8/8 levels left

rFire    . . .     GDR:     27% a - +0 war axe
rCold    . . .     SeeInvis .   (no shield)
rNeg     . . .     Gourm    .   o - +0 chain mail
rPois    .         Faith    .   q - +0 helmet
rElec    .         Spirit   .   (no cloak)
rCorr    .         Reflect  +   (no gloves)
MR       +....                  (no boots)
Stlth    ..........             x - +3 amulet of reflection
HPRegen  0.00/turn              (no ring)
MPRegen  0.13/turn              (no ring)

@: non-regenerating
A: damage resistance, sense surroundings 2, no regeneration
a: Minor Destruction, Renounce Religion


You were on level 6 of the Dungeon.
You worshipped Makhleb.
Makhleb was aware of your devotion.
You were hungry.

You visited 1 branch of the dungeon, and saw 6 of its levels.

You collected 396 gold pieces.

Inventory:

Hand Weapons
 a - a +0 war axe (weapon)
 b - a +0 hunting sling of freezing
Missiles
 B - 115 sling bullets
Armour
 c - a +0 medium shield
 o - a +0 chain mail (worn)
 q - a +0 helmet (worn)
 v - a +0 scale mail
Jewellery
 h - an uncursed amulet of guardian spirit
 x - a +3 amulet of reflection (around neck)
Wands
 A - a wand of polymorph (13)
Scrolls
 f - a scroll of enchant armour {unknown}
 g - 3 scrolls of teleportation
 i - 4 scrolls of identify
 k - 2 scrolls of amnesia {unknown}
 m - a scroll of fog {unknown}
 n - 5 scrolls of remove curse
 p - 2 scrolls of blinking {unknown}
 s - a scroll of noise {unknown}
 t - a scroll of enchant weapon {unknown}
 u - a scroll of immolation {unknown}
 y - a scroll of magic mapping {unknown}
Potions
 d - a potion of might
 j - a potion of agility
 l - a potion of magic
 r - a potion of flight
 w - 2 potions of brilliance
 z - a potion of berserk rage
Comestibles
 e - 12 rations {!d}


   Skills:
 + Level 6.9 Fighting
 * Level 9.9 Axes
 - Level 3.2 Armour
 - Level 3.2 Shields
 + Level 6.2 Invocations


You had 8 spell levels left.
You didn't know any spells.
Your spell library was empty.

Dungeon Overview and Level Annotations

Branches:
Dungeon (6/12)             Temple (0/1) D:4

Altars:
Fedhas
Kikubaaqudgha
Lugonu
Makhleb
Uskayaw
Zin

Shops:
D:6 *


Innate Abilities, Weirdness & Mutations

You are resistant to damage.
You passively map the area around you.
You do not regenerate.


Message History

You hit the orc wizard.
The orc wizard is lightly wounded.
You hit the orc but do no damage.
A crimson imp comes into view.
The orc hits you but does no damage.
The orc wizard hits you but does no damage.
The orc hits you from afar with a +0 trident.
* * * LOW HITPOINT WARNING * * *
You hit the orc wizard but do no damage.
The orc wizard is lightly wounded.
The orc wizard looks braver for a moment.
The orc hits you from afar with a +0 trident.
* * * LOW HITPOINT WARNING * * *
You slash the orc wizard!
You kill the orc wizard!
Makhleb accepts your kill.
You hit the orc priest but do no damage.
The orc priest mumbles some strange prayers to Beogh against you.
Beogh smites you!
You die...

#####..............#.....)....#
......##...........##########.#
####.###...........# #.#
####.###...........##########.#
.........>.................##.#
########...........#######.##.#
...................# #.##.#
.######............# #.##.# .#
#...........@oo# #.##.# .#
#.....########.# #.##.#
.####.....# #.# #.##.###
....'.....# ** #o# #......#
.####.....# ... ######## .#
#..)..#* , ..5.# .# #.....#*
o....# .# #####.# ......# .#
#.#* o......#


You could see an orc priest and an orc.

Vanquished Creatures
  Grinder (D:4)
  Menkaure (D:5)
  Duvessa (D:6)
  A water moccasin (D:4)
  An ice beast (D:6)
  2 sky beasts
  A black bear (D:5)
  A phantom (D:5)
  3 ogres
  A kobold brigand (D:6)
  Dowan (D:6)
  A centaur (D:3)
  A scorpion (D:4)
  A howler monkey (D:5)
  2 bullfrog zombies
  A hound (D:6)
  2 crimson imps
  A jelly (D:5)
  2 orc wizards (D:6)
  A bullfrog skeleton (D:4)
  An iguana (D:4)
  Ijyb (D:5)
  A worker ant (D:6)
  3 gnolls (D:5)
  8 adders
  A shadow imp (D:5)
  An ooze (D:2)
  4 worms (D:2)
  4 leopard geckos
  10 orcs
  6 bats
  4 giant cockroaches
  2 goblins
  9 hobgoblins
  5 jackals
  2 quokkas
  A ball python (D:3)
  13 kobolds
  7 rats
109 creatures vanquished.

Notes
Turn   | Place    | Note
-------+----------+-------------------------------------------
     0 | D:1      | Mehrunes the Deep Dwarf Fighter began the quest for the
                  | Orb.
     0 | D:1      | Reached XP level 1. HP: 21/21 MP: 1/1
   218 | D:1      | Reached ** piety under Elyvilon
   327 | D:1      | Reached XP level 2. HP: 21/28 MP: 2/2
   404 | D:1      | Reached skill level 3 in Axes
   978 | D:2      | Reached XP level 3. HP: 34/34 MP: 3/3
  1231 | D:2      | Reached skill level 4 in Axes
  1279 | D:2      | Reached XP level 4. HP: 30/44 MP: 4/4
  1896 | D:3      | Reached *** piety under Elyvilon
  1959 | D:3      | Noticed a centaur
  1971 | D:3      | Killed a centaur
  1972 | D:3      | Reached skill level 5 in Axes
  1972 | D:3      | Reached XP level 5. HP: 35/50 MP: 5/5
  2013 | D:3      | Noticed an ogre
  2019 | D:3      | Killed an ogre
  2109 | D:3      | Found a burning altar of Makhleb.
  2112 | D:3      | Noticed an ogre
  2120 | D:3      | Killed an ogre
  2121 | D:3      | Reached skill level 6 in Axes
  2121 | D:3      | Reached XP level 6. HP: 24/58 MP: 1/6
  2181 | D:3      | Fell from the grace of Elyvilon
  2181 | D:3      | Became a worshipper of Makhleb the Destroyer
  2241 | D:3      | Found a faded altar of an unknown god.
  2414 | D:3      | Found an ancient bone altar of Kikubaaqudgha.
  2418 | D:3      | Found a blossoming altar of Fedhas.
  2646 | D:4      | Noticed Grinder
  2676 | D:4      | Killed Grinder
  2677 | D:4      | Reached skill level 5 in Fighting
  2677 | D:4      | Reached XP level 7. HP: 24/67 MP: 6/8
  2870 | D:4      | Reached skill level 7 in Axes
  2905 | D:4      | Found a staircase to the Ecumenical Temple.
  2979 | D:4      | Got a scorched bronze ring
  3334 | D:4      | Was forgiven by Elyvilon
  3461 | D:5      | Entered Level 5 of the Dungeon
  3500 | D:5      | Noticed Menkaure
  3568 | D:4      | Reached skill level 8 in Axes
  3568 | D:4      | Reached XP level 8. HP: 29/76 MP: 9/11
  3610 | D:5      | Identified the ring "Ududis" {+Inv rElec Slay-4 Stlth--}
                  | (You found it on level 4 of the Dungeon)
  3719 | D:5      | Found a corrupted altar of Lugonu.
  3724 | D:5      | Noticed Ijyb
  3737 | D:5      | Killed Ijyb
  3793 | D:5      | Noticed a +0 dagger
  3793 | D:5      | Noticed a +0 dagger
  3795 | D:5      | Found a hide-covered altar of Uskayaw.
  4469 | D:5      | Killed Menkaure
  4470 | D:5      | Reached skill level 5 in Invocations
  4473 | D:5      | Reached * piety under Makhleb
  4474 | D:5      | Reached skill level 9 in Axes
  4635 | D:6      | Found Fets's Assorted Antiques.
  4773 | D:6      | Found a glowing silver altar of Zin.
  4777 | D:6      | Noticed Duvessa
  4777 | D:6      | Noticed Dowan
  4785 | D:6      | Killed Duvessa
  4785 | D:6      | Killed Dowan
  4827 | D:6      | Gained mutation: You passively map the area around you.
                  | [Deep Dwarf growth]
  4827 | D:6      | Reached XP level 9. HP: 19/85 MP: 13/13
  5079 | D:6      | Killed from afar by an orc priest

Skill      XL: |  1  2  3  4  5  6  7  8 |
---------------+-------------------------+-----
Axes           | 3 4 5 6 8 9 |  9.9
Fighting       | 4 5 6 |  6.9
Invocations    | 2 4 6 |  6.2
Armour         | |  3.2
Shields        | |  3.2

Action                   |  1- 3 |  4- 6 |  7- 9 || total
-------------------------+-------+-------+-------++-------
Melee: War axe           |   116 |    84 |   189 ||   389
 Fire: Hunting sling     |       |       |    15 ||    15
Invok: Lesser Healing    |     2 |     7 |       ||     9
  Use: Potion            |       |       |     6 ||     6
       Scroll            |       |       |     7 ||     7
  Eat: Chunk             |     6 |     7 |     9 ||    22
       Ration            |       |       |     1 ||     1
Armor: Scale mail        |    49 |     2 |       ||    51
       Chain mail        |       |    44 |   106 ||   150
Dodge: Dodged            |    68 |    36 |    46 ||   150
Block: Other             |       |       |    15 ||    15
